 Dungeon Crawl Stone Soup version 0.30-a0-1082-g70414cbcbb (webtiles) character file.

Game seed: 2359580101925894239

41231 Ic0nGaming the Cleaver (level 14, -3/80 HPs)
             Began as a Kobold Gladiator on Apr 15, 2023.
             Was an Elder of Okawaru.
             Slain by an orc knight
             ... wielding a +3 great mace
              (41 damage)
             ... on level 2 of the Orcish Mines.
             The game lasted 01:03:01 (20855 turns).

Ic0nGaming the Cleaver (Kobold Gladiator)          Turns: 20855, Time: 01:03:02

Health: -3/80      AC: 14    Str: 12    XL:     14   Next: 49%
Magic:  21/21      EV: 26    Int: 10    God:    Okawaru [****..]
Gold:   1571       SH: 17    Dex: 20    Spells: 13/13 levels left

rFire   . . .      SeeInvis .    a - +5 hand axe "Xybliok" {heavy, +Blink rPois rN++ Will+}
rCold   . . .      Faith    .    m - +5 kite shield
rNeg    + + .      Spirit   .    N - +4 troll leather armour
rPois   +          Reflect  .    c - +1 helmet
rElec   .          Rampage  .    v - +0 cloak
rCorr   .                        (no gloves)
Will    ++...                    i - +0 pair of boots
Stlth   ++++++                   B - amulet of regeneration
HPRegen 1.93/turn                F - ring of poison resistance
MPRegen 0.17/turn                q - +5 ring of evasion

@: heroic
A: small, no large weapons, nightstalker 3
a: Renounce Religion, Evoke Blink, Heroism, Finesse


You were on level 2 of the Orcish Mines.
You worshipped Okawaru.
Okawaru was greatly pleased with you.
You visited 4 branches of the dungeon, and saw 18 of its levels.
You also visited: Sewer and Bailey.

You collected 1940 gold pieces.
You spent 369 gold pieces at shops.

Inventory:

Hand Weapons
 a - the +5 hand axe "Xybliok" (weapon) {heavy, +Blink rPois rN++ Will+}
   (You found it on level 4 of the Dungeon)

   rPois:     It protects you from poison.
   rN:        It greatly protects you from negative energy.
   +Blink:    It lets you blink.
   Will:      It increases your willpower.
 b - a +2 dagger of venom
 I - a +2 war axe of freezing
Missiles
 e - 27 boomerangs (quivered)
Armour
 c - a +1 helmet (worn)
 i - a +0 pair of boots (worn)
 m - a +5 kite shield (worn)
 v - a +0 cloak (worn)
 w - a scarf of invisibility
 N - a +4 troll leather armour (worn)
Jewellery
 d - a ring of see invisible
 n - a ring of protection from fire
 q - a +5 ring of evasion (right hand)
 y - a ring of protection from fire
 B - an amulet of regeneration (around neck)
 F - a ring of poison resistance (left hand)
 M - a ring of protection from cold
Wands
 s - a wand of iceblast (12)
 t - a wand of polymorph (3)
 A - a wand of flame (48)
 E - a wand of paralysis (8)
 K - a wand of quicksilver (2)
Scrolls
 h - 9 scrolls of teleportation
 u - 2 scrolls of fog
 C - a scroll of blinking
 H - a scroll of fear
 J - a scroll of magic mapping
 L - a scroll of enchant weapon
Potions
 f - 14 potions of curing
 g - 2 potions of ambrosia
 k - a potion of lignification {unknown}
 l - 4 potions of cancellation
 o - 8 potions of flight
 p - 4 potions of magic
 r - a potion of attraction
 x - 3 potions of haste
 z - 6 potions of heal wounds
 G - 3 potions of mutation


   Skills:
 + Level 6.4(11.4) Fighting
 - Level 5.6(10.6) Long Blades
 - Level 14.0(19.0) Axes
 - Level 2.1(7.1) Throwing
 - Level 3.0(8.0) Armour
 + Level 7.6(12.6) Dodging
 + Level 7.9(12.9) Stealth
 - Level 3.1(8.1) Shields
 - Level 9.9 Invocations
 - Level 6.9 Evocations


You had 13 spell levels left.
You didn't know any spells.
Your spell library contained the following spells:

 Spells                   Type           Power      Damage    Failure   Level
 Magic Dart               Conj           0%         1d3       86%         1
 Sandblast                Erth           0%         2d4       86%         1
 Slow                     Hex            0%         N/A       86%         1
 Blink                    Tloc           0%         N/A       95%         2
 Cigotuvi's Dreadful Rot  Necr/Pois/Air  0%         N/A       95%         2
 Passwall                 Tmut/Erth      0%         N/A       95%         2
 Searing Ray              Conj           0%         2d4       95%         2
 Confusing Touch          Hex            0%         N/A       99%         3
 Hailstorm                Conj/Ice       0%         3d3       99%         3
 Ignite Poison            Fire/Tmut/Pois 0%         N/A       99%         3
 Mephitic Cloud           Conj/Pois/Air  0%         N/A       99%         3
 Portal Projectile        Hex/Tloc       0%         N/A       99%         3
 Stone Arrow              Conj/Erth      0%         3d7       99%         3
 Vampiric Draining        Necr           0%         2d6       99%         3
 Fulminant Prism          Conj/Hex       0%         3d5       100%        4
 Ice Form                 Ice/Tmut       0%         N/A       100%        4
 Manifold Assault         Tloc           0%         N/A       100%        4
 Passage of Golubria      Tloc           0%         N/A       100%        4
 Blade Hands              Tmut           0%         N/A       100%        5
 Freezing Cloud           Conj/Ice/Air   0%         6-21      100%        5
 Irradiate                Conj/Tmut      0%         3d11      100%        5
 Silence                  Hex/Air        0%         N/A       100%        5
 Dragon Form              Tmut           0%         N/A       100%        7
 Storm Form               Tmut/Air       0%         N/A       100%        7
 Lehudib's Crystal Spear  Conj/Erth      0%         10d2      100%        8
 Call Imp                 Summ           Unusable   N/A       N/A         2
 Tukima's Dance           Hex            Unusable   N/A       N/A         3
 Simulacrum               Ice/Necr       Unusable   N/A       N/A         6

Dungeon Overview and Level Annotations

Branches:
Dungeon (12/15)            Temple (1/1) D:5            Lair (3/5) D:9
 Shoals (0/4) Lair:2          Orc (2/2) D:12            Elf (0/3) Orc:2
  Sewer (visited)          Bailey (visited)
  Snake: Lair:2-3    Spider: Lair:2-3

Altars:
Ashenzari
Cheibriados
Dithmenos
Elyvilon
Fedhas
Gozag
Hepliaklqana
Kikubaaqudgha
Makhleb
Nemelex Xobeh
Okawaru
Qazlal
Ru
Sif Muna
Trog
Uskayaw
Vehumet
Wu Jian
Xom
Yredelemnul
Zin
The Shining One

Shops:
D:4 =   D:11 (   Orc:2 [

Annotations:
Lair:3 Rupert


Innate Abilities, Weirdness & Mutations

You are small and have problems with some larger weapons.
You are completely attuned to the shadows.


Message History

You block the orc knight's attack.
You barely miss the orc knight.
The orc knight is heavily wounded.
You hit the orc knight but do no damage.
You block the orc knight's attack. x2
You hit the orc knight.
The orc knight is severely wounded.
You completely miss the orc knight.
The orc knight roars a battlecry!
The orc knight goes into a battle-frenzy!
The orc knight closely misses you.
You hit the orc knight but do no damage.
The orc knight is heavily wounded.
You slash the orc knight!
The orc knight hits you with a +3 great mace!!
The orc knight hits you but does no damage.
The orc knight completely misses you. You block the orc knight's attack.
You closely miss the orc knight.
The orc knight is heavily wounded.
You hit the orc knight but do no damage.
The orc knight no longer looks unusually strong.
The orc knight hits you with a +0 war axe.
The orc knight barely misses you.
You slash the orc knight!
The orc knight is severely wounded.
You slash the orc knight! You block the orc knight's attack.
The orc knight roars a battlecry!
The orc knight goes into a battle-frenzy!
You hit the orc knight but do no damage.
The orc knight is severely wounded.
You hit the orc knight but do no damage.
The orc knight completely misses you.
The orc knight hits you with a +3 great mace.
You slash the orc knight!
The orc knight is almost dead.
You hit the orc knight but do no damage.
You block the orc knight's attack.
The orc knight hits you with a +3 great mace!!!
Ouch! That really hurt!
You die...

......)#
#...#..#
.#......#
..#.....#
#..^....#
......###
..##.## .
#..# #@o#
##o# #''#
###
#..###...
#....'...
+..).')..
######..∩
##


You could see 2 orc knights.

Vanquished Creatures
  2 boulder beetles
  2 two-headed ogres
  3 death yaks
  An orc high priest (Orc:1)
  Amaemon (Lair:1)
  A skyshark (Lair:2)
  An orc knight (Orc:2)
  2 orc sorcerers (Orc:2)
  A cyclops (D:12)
  Maurice (D:8)
  4 elephants (Lair:2)
  An orange demon (Lair:1)
  3 cane toads
  2 unseen horrors
  3 komodo dragons
  A merfolk (Lair:2)
  8 trolls
  4 saltlings (Orc:2)
  Grinder (D:4)
  Prince Ribbit (Lair:1)
  14 blink frogs
  2 vampires
  3 wyverns
  3 wraiths
  17 yaks
  4 steam dragons
  2 basilisks (Lair:2)
  Grum (D:11)
  2 wargs
  4 vampire mosquitoes (D:10)
  An acid dragon (D:9)
  3 water moccasins
  9 orc warriors
  2 black bears (Lair:1)
  3 sky beasts
  An ice beast (D:4)
  6 ogres
  4 centaurs
  14 wolves
  4 kobold brigands
  A phantom (D:5)
  3 scorpions
  A gnoll sergeant (D:9)
  7 bullfrogs
  4 wights (D:7)
  3 killer bees (D:10)
  2 electric eels (Lair:2)
  5 howler monkeys
  4 hounds
  3 gnoll boudas
  10 orc priests
  2 sleepcaps
  Ijyb (D:4)
  2 iguanas
  19 orc wizards
  A hell rat (D:9)
  43 gnolls
  8 river rats
  10 adders
  A white imp (D:8)
  An ufetubus (D:4)
  6 worms
  2 dart slugs
  73 orcs
  8 ball pythons
  11 endoplasms
  A giant cockroach (D:1)
  21 goblins
  3 hobgoblins
  3 jackals (Sewer)
  28 kobolds
  7 quokkas
  6 bats
  6 frilled lizards
  11 rats
  A pillar of salt (Orc:2)
460 creatures vanquished.

Vanquished Creatures (others)
  A kobold (D:8)
  9 fungi
  46 plants
56 creatures vanquished.

Grand Total: 516 creatures vanquished

Notes
Turn   | Place    | Note
-------+----------+-------------------------------------------
     0 | D:1      | Ic0nGaming the Kobold Gladiator began the quest for the
                  | Orb.
     0 | D:1      | Reached XP level 1. HP: 12/12 MP: 1/1
   477 | D:1      | Reached XP level 2. HP: 17/17 MP: 2/2
  1026 | D:2      | Reached XP level 3. HP: 8/21 MP: 3/3
  1393 | D:2      | Found a faded altar of an unknown god.
  1896 | D:2      | Reached XP level 4. HP: 26/26 MP: 4/4
  2263 | D:2      | Noticed a scorpion
  2271 | D:2      | Killed a scorpion
  2272 | D:2      | Reached XP level 5. HP: 14/30 MP: 5/5
  3071 | D:3      | Reached skill level 5 in Long Blades
  3277 | D:3      | Reached XP level 6. HP: 35/35 MP: 6/6
  4206 | D:4      | Found Qis Xyemef's Jewellery Shop.
  4355 | D:4      | Identified the +5 hand axe "Xybliok" {heavy, +Blink rPois
                  | rN++ Will+}
  4495 | D:4      | Reached skill level 1 in Axes
  4507 | D:4      | Reached XP level 7. HP: 36/40 MP: 7/7
  4845 | D:4      | Reached skill level 2 in Axes
  5111 | D:4      | Noticed Grinder
  5111 | D:4      | Paralysed by Grinder for 3 turns
  5245 | D:5      | Entered Level 5 of the Dungeon
  5409 | D:5      | Reached skill level 3 in Axes
  5628 | D:5      | Found a glowing drain.
  5634 | Sewer    | Entered a sewer
  6076 | Sewer    | Reached skill level 4 in Axes
  6735 | D:5      | Reached XP level 8. HP: 38/44 MP: 8/8
  6844 | D:4      | Reached skill level 5 in Axes
  7038 | D:4      | Noticed Ijyb
  7282 | D:5      | Found a staircase to the Ecumenical Temple.
  7299 | Temple   | Entered the Ecumenical Temple
  7820 | Temple   | Became a worshipper of Warmaster Okawaru
  7999 | D:5      | Reached skill level 1 in Invocations
  8082 | D:5      | Reached skill level 6 in Axes
  8634 | D:6      | Noticed a troll
  8770 | D:6      | Reached XP level 9. HP: 48/48 MP: 9/11
  9223 | D:6      | Reached * piety under Okawaru
  9561 | D:4      | Killed Ijyb
  9574 | D:4      | Killed Grinder
  9575 | D:4      | Reached skill level 7 in Axes
 10031 | D:6      | Killed a troll
 10226 | D:7      | Noticed an unseen horror
 10238 | D:7      | Killed an unseen horror
 10239 | D:7      | Reached skill level 1 in Armour
 10239 | D:7      | Reached skill level 1 in Shields
 10382 | D:7      | Reached XP level 10. HP: 50/56 MP: 12/12
 10676 | D:8      | Reached skill level 5 in Dodging
 10742 | D:8      | Noticed Maurice
 10849 | D:8      | Reached skill level 5 in Stealth
 10935 | D:8      | Killed Maurice
 10935 | D:8      | Reached ** piety under Okawaru
 11172 | D:8      | Reached skill level 8 in Axes
 11172 | D:8      | Reached skill level 1 in Evocations
 11271 | D:8      | Noticed a komodo dragon
 11277 | D:8      | Killed a komodo dragon
 11617 | D:9      | Noticed a death yak
 11657 | D:9      | Found a glowing golden altar of the Shining One.
 11660 | D:9      | Noticed an angel
 11671 | D:9      | Found a basalt altar of Yredelemnul.
 11674 | D:9      | Noticed a profane servitor
 11684 | D:9      | Noticed a death yak
 11743 | D:9      | Noticed a death yak
 11940 | D:9      | Reached XP level 11. HP: 41/61 MP: 11/13
 12085 | D:9      | Found a staircase to the Lair.
 12230 | D:4      | Bought a ring of poison resistance for 220 gold pieces
 12345 | D:8      | Killed a death yak
 12346 | D:8      | Reached skill level 9 in Axes
 12615 | Lair:1   | Entered Level 1 of the Lair of Beasts
 12642 | Lair:1   | Reached skill level 5 in Evocations
 12744 | Lair:1   | Noticed Amaemon
 12869 | Lair:1   | Noticed a catoblepas
 12932 | D:10     | Entered Level 10 of the Dungeon
 13090 | D:10     | Reached skill level 10 in Axes
 13104 | D:10     | Reached *** piety under Okawaru
 13257 | D:10     | Found a flagged portal.
 13268 | Bailey   | Entered a bailey
 14082 | D:10     | Noticed a two-headed ogre
 14231 | D:11     | Noticed a boulder beetle
 14363 | D:11     | Found Mabun's Antique Weapon Shoppe.
 14368 | D:11     | Bought a runed war axe for 149 gold pieces
 14412 | D:11     | You fall into a shaft and drop 1 floor!
 14543 | D:12     | Found a staircase to the Orcish Mines.
 14562 | D:12     | Reached skill level 5 in Fighting
 14623 | D:12     | Found a burning altar of Makhleb.
 14652 | D:12     | Identified the +1 chain mail of the Ecumenical Temple
                  | {Str+6}
 14708 | D:12     | Reached **** piety under Okawaru
 14709 | D:12     | Noticed a boulder beetle
 14764 | D:11     | Noticed Grum
 14768 | D:11     | Reached XP level 12. HP: 68/68 MP: 14/14
 14780 | D:11     | Killed Grum
 14936 | D:9      | Killed a death yak
 14943 | D:9      | Killed a death yak
 14944 | D:9      | Reached skill level 11 in Axes
 14977 | Lair:1   | Killed Amaemon
 16062 | Lair:1   | Noticed Prince Ribbit
 16080 | Lair:1   | Killed Prince Ribbit
 16081 | Lair:1   | Reached skill level 12 in Axes
 16634 | Lair:2   | Reached XP level 13. HP: 73/73 MP: 15/20
 16819 | Lair:2   | Received a gift from Okawaru
 17132 | Lair:2   | Found a staircase to the Shoals.
 17263 | Lair:2   | Reached skill level 13 in Axes
 17459 | Lair:2   | Reached XP level 14. HP: 78/78 MP: 21/21
 17892 | Lair:3   | Noticed Rupert
 19788 | Orc:1    | Entered Level 1 of the Orcish Mines
 19842 | D:12     | Reached skill level 14 in Axes
 20352 | Orc:2    | Entered Level 2 of the Orcish Mines
 20508 | Orc:2    | Found a staircase to the Elven Halls.
 20832 | Orc:2    | Found Zaloc's Armour Shoppe.
 20855 | Orc:2    | Slain by an orc knight

Illustrated notes

Levels and vault maps discovered:
D:1:      dpeg_arrival_short_road, layout_rooms
D:2:      minmay_angry_zag, layout_basic, basic_ecumenical_altar,
          kennysheep_doodads
D:3:      layout_basic, fountainhead
D:4:      kennysheep_the_goblin_king, layout_loops_cross, serial_shops,
          nicolae_shop_pleasant_corner_grove, uniq_grinder
D:5:      layout_loops_corners, minmay_temple_entry_statues,
          lightli_sewer_entry_pipes
D:6:      layout_gridville
D:7:      layout_rooms
D:8:      layout_rooms, uniq_maurice
D:9:      layout_basic, grunt_temple_overflow_holy_war, dpeg_lair_monsters
D:10:     layout_basic, enter_bailey_3
D:11:     layout_roguey, serial_shops, nicolae_shop_tiny_statue_garden,
          uniq_grum
D:12:     layout_roguey, hiddenorc2_lemuel, bloody_makhleb
Temple:   mainiacjoe_temple_big_plus
Lair:1:   beast_lair_carwin_large_2, layout_cave_pods, uniq_amaemon,
          uniq_prince_ribbit2
Lair:2:   layout_roguey, elwin_shoals_entry_rooms
Lair:3:   layout_regular_city, hellmonk_spider_entry_not_the_bees,
          grunt_megastairs_4, uniq_rupert, uniq_nergalle
Orc:1:    layout_caves, basic_altar, kennysheep_orc_chapel
Orc:2:    hellmonk_orc_salted, layout_diamond_mine, basic_altar

Skill      XL: |  1  2  3  4  5  6  7  8  9 10 11 12 13 14 |
---------------+-------------------------------------------+-----
Long Blades    | 3 4 5 |  5.6
Axes           | 1 4 6 7 8 10 12 13 14 | 14.0
Invocations    | 2 3 9 |  9.9
Fighting       | 4 5 6 |  6.4
Armour         | 1 3 |  3.0
Dodging        | 4 6 7 |  7.6
Stealth        | 3 5 6 7 |  7.9
Shields        | 1 3 |  3.1
Evocations     | 3 6 |  6.9
Throwing       | |  2.1

Action                     |  1- 3 |  4- 6 |  7- 9 | 10-12 | 13-15 || total
---------------------------+-------+-------+-------+-------+-------++-------
  Melee: Long sword        |    84 |    75 |       |       |       ||   159
         Punch             |     2 |     1 |       |       |       ||     3
         Dagger            |       |    65 |    71 |     3 |     1 ||   140
         Hand axe          |       |       |   216 |   608 |   367 ||  1191
  Throw: Throwing net      |       |     1 |     3 |       |       ||     4
         Boomerang         |       |    12 |    12 |    27 |     7 ||    58
         Dart              |       |       |     3 |       |     1 ||     4
 Invoke: Heroism           |       |       |     3 |    20 |    16 ||    39
Ability: Evoke Blink       |       |       |       |     1 |       ||     1
  Evoke: Wand              |       |       |     3 |     7 |    15 ||    25
    Use: Scroll            |     5 |     3 |    12 |    11 |     6 ||    37
         Potion            |       |       |       |     4 |     2 ||     6
   Stab: Sleeping          |     6 |     9 |    10 |    24 |    10 ||    59
         Distracted        |     1 |     1 |     1 |     1 |     2 ||     6
         Paralysed         |       |       |       |       |    22 ||    22
 Armour: Leather armour    |    15 |    15 |    43 |    77 |    28 ||   178
         Troll leather arm |       |       |       |       |    12 ||    12
  Dodge: Dodged            |    55 |    64 |   199 |   497 |   244 ||  1059
  Block: Kite shield       |       |    16 |   163 |   584 |   308 ||  1071

Table legend: (Time is in decaauts)
 A = Elapsed time spent in this place.
 B = Non-inter-level travel time spent in this place.
 C = Inter-level travel time spent in this place.
 D = Time resting spent in this place.
 E = Time spent auto-exploring this place.
 F = Levels seen in this place.
 G = Mean time per level.
                   A        B        C        D        E       F      G
               +--------+--------+--------+--------+--------+-----+--------+
         Total |  21549 |  20144 |   1405 |   4316 |  10145 |  20 | 1077.4 |
       Dungeon |  14878 |  13646 |   1232 |   3108 |   6755 |  12 | 1239.8 |
        Temple |    543 |    521 |     22 |      0 |    503 |   1 |  543.0 |
          Lair |   3407 |   3275 |    132 |    769 |   1664 |   3 | 1135.7 |
  Orcish Mines |   1036 |   1018 |     18 |      2 |    627 |   2 |  518.0 |
         Sewer |   1261 |   1261 |      0 |    335 |    595 |   1 | 1261.0 |
        Bailey |    422 |    422 |      0 |    102 |      0 |   1 |  422.0 |
               +--------+--------+--------+--------+--------+-----+--------+

Top non-repeatable levels by time:
  Lair:1: 1757 daAuts
     D:4: 1752 daAuts
     D:2: 1566 daAuts
     D:5: 1542 daAuts
    D:10: 1496 daAuts
  Lair:2: 1412 daAuts
     D:1: 1394 daAuts
     D:6: 1350 daAuts
     D:3: 1270 daAuts
   Sewer: 1261 daAuts
     D:9: 1218 daAuts
    D:12: 1044 daAuts
    D:11: 866 daAuts
     D:8: 784 daAuts
     D:7: 592 daAuts
